AoeStats
← Stanko2026

Runestones

508188664Analyzed
1v1 RM · 11d ago on Sep 21, 2026· 58m 54s· 2 players
Game mode
Random Map
Map size
Tiny (2 player)
Population
200
Speed
Normal
Resources
Standard
Victory
Conquest
Starting age
Dark Age
Ending age
Imperial Age
RankedLock teamsTeams togetherTeam positionsShared explorationLock speedFull tech treeHidden civsTurbo modeCheats
Victory
Defeat
🇩🇪 Burgundians · Germany
734
+20
🇪🇸 Khmer · Spain
817
-20
Stanko2026
0:27 Loom
5:27 Horse Collar
6:50 Double-Bit Axe
14:49 Feudal Age
14:15 Stone Mining
14:15 Gold Mining
16:24 Gold Shaft Mining
16:25 Stone Shaft Mining
16:00 Bow Saw
15:52 Heavy Plow
20:45 Scale Barding Armor
24:15 Castle Age
22:59 Scale Mail Armor
23:10 Forging
22:53 Fletching
24:33 Cavalier
25:13 Husbandry
24:34 Light Cavalry
25:18 Squires
26:40 Two-Man Saw
27:00 Crop Rotation
30:07 Pikeman
30:33 Arson
36:04 Chain Barding Armor
35:54 Forging
36:00 Chain Mail Armor
36:10 Murder Holes
36:36 Ballistics
35:57 Treadmill Crane
36:28 Fortified Wall
36:29 Masonry
42:47 Imperial Age
41:37 Burgundian Vineyards
43:46 Bodkin Arrow
44:35 Conscription
44:48 Halberdier
45:18 Elite Skirmisher
47:58 Hoardings
48:49 Bracer
48:50 Padded Archer Armor
49:27 Plate Barding Armor
49:22 Plate Mail Armor
52:27 Onager
52:36 Hussar
55:17 Chemistry
alb_236
15:35 Feudal Age
16:38 Double-Bit Axe
16:35 Horse Collar
16:48 Gold Mining
17:47 Loom
21:07 Castle Age
19:40 Bloodlines
21:29 Forging
27:13 Husbandry
28:51 Scale Mail Armor
35:24 Murder Holes
43:14 Bow Saw
43:45 Pikeman
44:51 Stone Mining
49:35 Scale Barding Armor
55:50 Heavy Plow
56:32 Gold Shaft Mining
59:47 Imperial Age
57:53 Wheelbarrow
57:05 Town Watch
57:26 Padded Archer Armor
57:27 Scale Mail Armor
58:10 Iron Casting
57:58 Chain Barding Armor
Connection lost

Rejoining the realm…

Still unreachable

The connection could not be restored.

Session expired

The server has moved on; the page needs a fresh start.